AoeStats
← TPE-床上小旋風

Socotra

505849453Analyzed
3v3 RM · 20d ago on Sep 11, 2026· 28m 20s· 6 players
Game mode
Random Map
Map size
128×128
Population
200
Speed
Normal
Resources
Standard
Victory
Conquest
Starting age
Dark Age
Ending age
Imperial Age
RankedLock teamsTeams togetherTeam positionsShared explorationLock speedFull tech treeHidden civsTurbo modeCheats
Victory
Defeat
🇩🇪 Shu · Germany
1479
+11
🇫🇷 Bulgarians · France
1424
+13
🇷🇴 Franks · Romania
1379
+16
🇮🇳 Wu · India
1451
-16
🇷🇺 Burgundians · Russia
1349
-13
🇮🇹 Poles · Italy
1304
-11
antorse31
7:06 Loom
9:23 Feudal Age
11:04 Double-Bit Axe
13:39 Fletching
18:31 Scale Mail Armor
19:32 Forging
19:10 Horse Collar
22:15 Wheelbarrow
25:03 Castle Age
23:09 Gold Mining
24:54 Arson
26:04 Chain Mail Armor
25:53 Gambesons
26:21 Bow Saw
26:25 Squires
26:53 Heavy Plow
27:46 Bodkin Arrow
JoPo21
9:32 Feudal Age
10:19 Double-Bit Axe
11:15 Loom
14:29 Fletching
15:47 Padded Archer Armor
23:19 Castle Age
24:01 Bodkin Arrow
23:29 Crossbowman
24:14 Thumb Ring
26:13 Wheelbarrow
25:23 Town Watch
28:34 Leather Archer Armor
HexenSlayer
3:14 Loom
11:39 Feudal Age
12:53 Double-Bit Axe
19:27 Castle Age
18:16 Scale Barding Armor
19:34 Forging
20:34 Chain Barding Armor
22:05 Husbandry
25:06 Wheelbarrow
RockAxe4356
1:35 Loom
9:50 Feudal Age
10:14 Horse Collar
11:55 Double-Bit Axe
12:53 Fletching
21:41 Castle Age
22:09 Pikeman
23:30 Bodkin Arrow
23:50 Padded Archer Armor
24:51 Gold Mining
24:51 Stone Mining
25:12 Bow Saw
27:52 Ballistics
Gnr Veers
5:06 Loom
10:45 Feudal Age
11:24 Double-Bit Axe
18:15 Fletching
25:48 Castle Age
TPE-床上小旋風
6:18 Loom
9:09 Feudal Age
14:18 Double-Bit Axe
16:41 Horse Collar
17:40 Scale Barding Armor
18:32 Forging
19:40 Bow Saw
21:46 Wheelbarrow
21:40 Gold Mining
25:30 Castle Age
24:02 Stone Mining
25:12 Gold Shaft Mining
25:37 Cavalier
27:29 Chain Barding Armor
Connection lost

Rejoining the realm…

Still unreachable

The connection could not be restored.

Session expired

The server has moved on; the page needs a fresh start.